 Seeded DCSS version 0.30-a0-4-ga7cffc901d (webtiles) character file.

Game seed: 2299851368275096668 (custom seed)

147 flotson the Sneak (level 5, -2/42 HPs)
             Began as a Demonspawn Delver on Aug 22, 2022.
             Succumbed to Robin's poison
             ... on level 2 of the Dungeon.
             The game lasted 00:06:28 (2840 turns).

flotson the Sneak (Demonspawn Delver)               Turns: 2840, Time: 00:06:28

Health: -2/42      AC:  6    Str: 15    XL:     5   Next: 8%
Magic:  5/5        EV: 10    Int: 11    God:
Gold:   172        SH:  0    Dex: 14    Spells: 4/4 levels left

rFire   . . .      SeeInvis .    h - +0 war axe
rCold   . . .      Faith    .    (no shield)
rNeg    . . .      Spirit   .    t - +0 scale mail
rPois   .          Reflect  .    (helmet restricted)
rElec   .          Harm     .    (no cloak)
rCorr   .          Rampage  .    (no gloves)
Will    .....                    (no boots)
Stlth   +.........               (no amulet)
HPRegen 0.14/turn                (no ring)
MPRegen 0.09/turn                (no ring)

@: brilliant, lethally poisoned (-2 -> -30)
A: horns 1, demonic guardian 2, demonic magic 1
a: no special abilities


You were on level 2 of the Dungeon.
You visited 1 branch of the dungeon, and saw 5 of its levels.

You collected 172 gold pieces.

Inventory:

Hand Weapons
 h - a +0 war axe (weapon)
Missiles
 u - 4 boomerangs (quivered)
Armour
 t - a +0 scale mail (worn)
Wands
 b - a wand of iceblast (11)
 g - a wand of digging (3)
Scrolls
 c - a scroll of fog
 d - 4 scrolls of magic mapping
 f - 5 scrolls of identify {unknown}
 i - 2 scrolls of teleportation {unknown}
 j - 2 scrolls of enchant armour {unknown}
 k - 3 scrolls of vulnerability {unknown}
 l - a scroll of noise {unknown}
 m - 2 scrolls of butterflies {unknown}
 q - a scroll of torment {unknown}
 r - a scroll of enchant weapon {unknown}
 v - a scroll of poison {unknown}
 w - a scroll of amnesia {unknown}
Potions
 a - a potion of resistance
 o - a potion of curing {unknown}
 p - a potion of mutation {unknown}
 s - a potion of haste


   Skills:
 + Level 3.8 Fighting
 + Level 1.9 Axes
 + Level 0.3 Throwing
 + Level 1.9 Armour
 + Level 2.8 Dodging
 - Level 4.5 Stealth
 + Level 2.0 Evocations


You had 4 spell levels left.
You didn't know any spells.
Your spell library contained the following spells:

 Spells                   Type           Power      Damage    Failure   Level
 Summon Lightning Spire   Summ/Air       0%         N/A       100%        4
 Storm Form               Tmut/Air       0%         N/A       100%        7
 Maxwell's Capacitive Co  Air            0%         ∞         100%        8


Dungeon Overview and Level Annotations

Branches:
Dungeon (5/15)
 Temple: D:4-7

Altars:
Makhleb
Sif Muna
Trog

Shops:
D:1 !   D:2 :

Annotations:
D:2 Robin


Innate Abilities, Weirdness & Mutations

You have a pair of small horns on your head.
A demonic guardian rushes to your aid.
Spells you cast may paralyse adjacent enemies.


Message History

There is a stone staircase leading up here.
You feel very sick.
Robin says, "Kneel, worm!"
Robin roars a battlecry!
The hobgoblin goes into a battle-frenzy!
The hobgoblin hits you.
You climb upwards.
You feel very sick.
There is a stone staircase leading down here.
You hit Robin. You headbutt Robin.
Robin is moderately wounded.
You closely miss the hobgoblin.
You feel very sick. The hobgoblin hits you.
Robin hits you with a +2 dagger of venom.
You are more poisoned.
You are too injured to fight recklessly!
Unknown command.
You are too injured to fight recklessly!
Unknown command.
You are too injured to fight recklessly!
You closely miss Robin.
Robin is moderately wounded.
You hit the hobgoblin.
You kill the hobgoblin!
You feel very sick. Robin hits you but does no damage.
Robin hits you with a +2 dagger of venom.
You are more poisoned.
You slash Robin!
Robin is almost dead.
* * * LOW HITPOINT WARNING * * *
You feel extremely sick.
Robin hits you with a +2 dagger of venom.
* * * LOW HITPOINT WARNING * * *
A demonic guardian appears!
You are more poisoned.
It was a potion of brilliance.
You feel clever all of a sudden.
You die...

#.##...............
#.......#.#........
########.........#.
#.†...............
######..........##
##...............
##.4##............
#.g###....).######
#@)...............
######......######
#############
#..... #....#
#....# #....#
#....# ######


You could see Robin (ally target) and a friendly ice devil (summoned).

Vanquished Creatures
  An iguana (D:5)
  4 adders
  A worm (D:1)
  2 dart slugs (D:1)
  5 orcs (D:3)
  3 endoplasms
  3 giant cockroaches
  12 goblins
  12 hobgoblins
  5 kobolds
  6 ball pythons
  5 bats
  4 frilled lizards
  5 rats
68 creatures vanquished.

Vanquished Creatures (collateral kills)
  A goblin (D:3)
1 creature vanquished.

Vanquished Creatures (others)
  4 toadstools (D:1)
4 creatures vanquished.

Grand Total: 73 creatures vanquished

Notes
Turn   | Place    | Note
-------+----------+-------------------------------------------
     0 | D:5      | flotson the Demonspawn Delver began the quest for the Orb.
     0 | D:5      | Reached XP level 1. HP: 18/18 MP: 1/1
    27 | D:5      | Noticed an orc wizard
    76 | D:5      | Noticed an iguana
    90 | D:5      | Killed an iguana
    91 | D:5      | Reached skill level 1 in Armour
    91 | D:5      | Reached skill level 1 in Evocations
    91 | D:5      | Gained mutation: A weak demonic guardian rushes to your
                  | aid. [demonic ancestry]
    91 | D:5      | Reached XP level 2. HP: 3/24 MP: 2/2
   467 | D:3      | Gained mutation: You have a pair of small horns on your
                  | head. [demonic ancestry]
   467 | D:3      | Reached XP level 3. HP: 23/29 MP: 3/3
   809 | D:2      | Found Kinoyd's Book Emporium.
  1076 | D:1      | Found a faded altar of an unknown god.
  1134 | D:1      | Gained mutation: A demonic guardian rushes to your aid.
                  | [demonic ancestry]
  1134 | D:1      | Reached XP level 4. HP: 34/35 MP: 4/4
  1252 | D:1      | Found Guproq's Distillery.
  1817 | D:3      | Found a bloodstained altar of Trog.
  1952 | D:3      | Found a shimmering blue altar of Sif Muna.
  2265 | D:3      | Found a burning altar of Makhleb.
  2441 | D:3      | Gained mutation: Spells you cast may paralyse adjacent
                  | enemies. [demonic ancestry]
  2441 | D:3      | Reached XP level 5. HP: 42/42 MP: 5/5
  2470 | D:3      | Noticed Robin
  2840 | D:2      | Succumbed to Robin's poison

Illustrated notes

Levels and vault maps discovered:
D:1:      ldierk_water_garden, layout_basic, serial_shops, shop,
          dilly_ecumenical_altar_fadedgnrine, kennysheep_another_room,
          nicolae_wormholes
D:2:      layout_basic, serial_shops, nicolae_shop_hallway_stairs
D:3:      layout_basic, nicolae_overflow_crystal_walls,
          mainiacjoe_overflow_brackets, lightli_temple_of_fire, uniq_robin
D:4:      layout_basic, nicolae_hepliaklqana_ecumenical_no_more,
          kennysheep_mini, minmay_temple_entry_proselytizer, kennysheep_potato
D:5:      layout_loops_ring

Skill      XL: |  1  2  3  4 |
---------------+-------------+-----
Armour         | 1 |  1.9
Dodging        | 2 |  2.8
Evocations     | 1 2 |  2.0
Fighting       | |  3.8
Axes           | |  1.9
Throwing       | |  0.3
Stealth        | |  4.5

Action                   |  1- 3 |  4- 6 || total
-------------------------+-------+-------++-------
Melee: Hand axe          |    17 |       ||    17
       War axe           |    47 |    93 ||   140
       Headbutt          |     8 |    18 ||    26
  Use: Potion            |     1 |     3 ||     4
       Scroll            |       |     1 ||     1
 Stab: Sleeping          |     6 |     1 ||     7
Armor: Leather armour    |    10 |    14 ||    24
       Scale mail        |       |    40 ||    40
Dodge: Dodged            |    50 |    69 ||   119

Table legend: (Time is in decaauts)
 A = Elapsed time spent in this place.
 B = Non-inter-level travel time spent in this place.
 C = Inter-level travel time spent in this place.
 D = Time resting spent in this place.
 E = Time spent auto-exploring this place.
 F = Levels seen in this place.
 G = Mean time per level.
                   A        B        C        D        E       F      G
               +--------+--------+--------+--------+--------+-----+--------+
         Total |   2870 |   2807 |     63 |    511 |   1657 |   5 |  574.0 |
       Dungeon |   2870 |   2807 |     63 |    511 |   1657 |   5 |  574.0 |
               +--------+--------+--------+--------+--------+-----+--------+

Top non-repeatable levels by time:
     D:2: 917 daAuts
     D:3: 871 daAuts
     D:1: 636 daAuts
     D:5: 431 daAuts
     D:4: 14 daAuts
